 Dungeon Crawl Stone Soup version 0.27.0-1-g7a089689b8 (webtiles) character file.

Game seed: 15068077470693109216

4400 Brandom the Basher (level 10, -1/120 HPs)
             Began as a Human Delver on Aug 8, 2021.
             Was a Priest of Trog.
             Engulfed by a cloud of steam (4 damage)
             ... on level 8 of the Dungeon.
             The game lasted 00:16:38 (9356 turns).

Brandom the Basher (Human Delver)                   Turns: 9356, Time: 00:16:39

Health: -1/120     AC:  8    Str: 16    XL:     10   Next: 61%
Magic:  10/10      EV: 14    Int: 11    God:    Trog [***...]
Gold:   485        SH:  0    Dex: 14    Spells: 9/9 levels left

rFire    . . .     SeeInvis +   C - +2 whip (elec)
rCold    . . .     Faith    .   (no shield)
rNeg     . . .     Spirit   .   E - +0 acid dragon scales
rPois    .         Reflect  .   k - +0 helmet
rElec    .         Harm     .   (no cloak)
rCorr    +         Rampage  .   (no gloves)
Will     ++...                  g - +0 pair of boots
Stlth    ..........             e - amulet of magic regeneration
HPRegen  1.30/turn              z - ring of see invisible
MPRegen  0.37/turn              y - ring of resist corrosion

@: berserking, strong-willed, regenerating, very quick
A: no striking features
a: Renounce Religion, Berserk, Trog's Hand


You were on level 8 of the Dungeon.
You worshipped Trog.
Trog was most pleased with you.
You visited 1 branch of the dungeon, and saw 8 of its levels.

You collected 485 gold pieces.

Inventory:

Hand Weapons
 a - a +0 mace
 x - a +3 dire flail of draining
   (You took it off Edmund on level 5 of the Dungeon)
 C - a +2 whip of electrocution (weapon)
   (You took it off an orc on level 6 of the Dungeon)
Missiles
 I - 7 javelins (quivered)
Armour
 b - a +0 leather armour
 g - a +0 pair of boots (worn)
   (You found it on level 5 of the Dungeon)
 k - a +0 helmet (worn)
   (You found it on level 1 of the Dungeon)
 E - +0 acid dragon scales (worn)
   (You found it on level 8 of the Dungeon)
 G - a +4 plate armour
   (You took it off an orc warrior on level 7 of the Dungeon)
Jewellery
 e - an amulet of magic regeneration (around neck)
   (You found it on level 1 of the Dungeon)
 j - an amulet of faith {!P}
   (You found it on level 1 of the Dungeon)
 n - a ring of magical power
   (You found it on level 1 of the Dungeon)
 w - a ring of ice
   (You found it on level 3 of the Dungeon)
 y - a ring of resist corrosion (right hand)
   (You found it on level 2 of the Dungeon)
 z - a ring of see invisible (left hand)
   (You found it on level 6 of the Dungeon)
Wands
 t - a wand of flame (21)
   (You found it on level 6 of the Dungeon)
 u - a wand of paralysis (9)
   (You found it on level 6 of the Dungeon)
 v - a wand of digging (2)
Scrolls
 c - 2 scrolls of fog
 d - 6 scrolls of magic mapping
 i - 4 scrolls of teleportation {@r4}
 l - 11 scrolls of identify {unknown}
 m - a scroll of fear
 q - a scroll of enchant armour {unknown}
 r - 2 scrolls of amnesia {unknown}
 B - 2 scrolls of blinking {unknown}
 D - a scroll of brand weapon {unknown}
Potions
 f - 3 potions of haste {@q3}
 h - a potion of resistance
 o - 4 potions of curing {@q1}
 p - a potion of mutation {unknown}
 s - 2 potions of degeneration {unknown}
 A - a potion of heal wounds {unknown}
 F - a potion of brilliance {unknown}
 H - a potion of might


   Skills:
 + Level 8.0 Fighting
 * Level 10.6 Maces & Flails
 + Level 7.6 Dodging
 - Level 5.0 Stealth


You had 9 spell levels left.
You didn't know any spells.
Your spell library was empty.

Dungeon Overview and Level Annotations

Branches:
Dungeon (8/15)             Temple (0/1) D:6
   Lair: D:8-11

Altars:
Cheibriados
Hepliaklqana
Okawaru
Sif Muna
Trog
Uskayaw
Wu Jian
Yredelemnul


Message History

You are engulfed in a cloud of scalding steam.
The steam dragon bites you.
* * * LOW HITPOINT WARNING * * *
The steam dragon closely misses you.
Unknown command.
The steam dragon breathes steam at you. The ball of steam misses you.
There is an open door here.
You whack the steam dragon!
Lightning courses through the steam dragon!
You kill the steam dragon!
Trog accepts your kill.
Your Fighting skill increases to level 8!
The steam dragon breathes steam at you. The ball of steam misses you.
The steam dragon breathes steam at you. The ball of steam hits you!
* * * LOW HITPOINT WARNING * * *
You are engulfed in a cloud of scalding steam.
* * * LOW HITPOINT WARNING * * *
The steam dragon bites you.
* * * LOW HITPOINT WARNING * * *
The steam dragon misses you.
Your skin crawls.
You feel strong-willed. The steam dragon bites you!
* * * LOW HITPOINT WARNING * * *
The steam dragon closely misses you.
A red film seems to cover your vision as you go berserk!
You feel yourself moving faster!
You feel mighty! The steam dragon closely misses you.
The steam dragon barely misses you.
You whack the steam dragon!
Lightning courses through the steam dragon!
You barely miss the steam dragon. You completely miss the steam dragon.
The steam dragon breathes steam at you. The ball of steam hits you!
* * * LOW HITPOINT WARNING * * *
Unknown command.
You hit the steam dragon.
You are engulfed in a cloud of scalding steam.
* * * LOW HITPOINT WARNING * * *
You whack the steam dragon!
You kill the steam dragon!
Trog accepts your kill.
The steam dragon scales are intact enough to wear.
You are engulfed in a cloud of scalding steam.
* * * LOW HITPOINT WARNING * * *
You are engulfed in a cloud of scalding steam.
You die...

+#'#..#..........#.#
#....###.#.
.......##'#'######.#
#......#.#.
.......+.<#.#
#.####......#.#.
.......####.#
#......#####:.#.
.......+....#
###...## ####.
.......######
#####..##≈≈. #.
########
#§§...##≈≈§. #.
#§#####≈§.≈. ## #@#
#§≈.§§§ #§###§§.§§§§
#.##≈§§≈≈§§.
#.#≈≈.D≈§§..
#.'..#≈#..._
###§≈.≈≈≈...
##≈≈.≈§≈.. ##≈≈.§≈§.
#≈≈§≈§. #


There were no monsters in sight!

Vanquished Creatures
  The ghost of Sassenached the Covered, a novice GnWn of Xom (D:6)
  Maggie (D:7)
  Grinder (D:5)
  6 yaks (D:8)
  3 steam dragons
  Edmund (D:5)
  An acid dragon (D:8)
  2 water moccasins
  An ice beast (D:6)
  An orc warrior (D:7)
  A black bear (D:4)
  2 necrophages (D:5)
  An ogre (D:5)
  2 centaurs
  A phantom (D:7)
  3 bullfrogs
  A wyvern zombie (D:7)
  A scorpion (D:5)
  A water moccasin zombie (D:5)
  A spectral centaur (D:6)
  5 howler monkeys
  2 hounds (D:6)
  2 jellies
  3 orc priests
  2 centaur skeletons
  Jessica (D:3)
  An iguana (D:7)
  4 orc wizards
  A killer bee zombie (D:8)
  A spectral howler monkey (D:6)
  A killer bee simulacrum (D:6)
  2 howler monkey skeletons
  2 adders
  A howler monkey simulacrum (D:6)
  2 white imps
  2 dart slugs
  15 orcs
  2 bats
  An endoplasm (D:3)
  A giant cockroach (D:3)
  7 goblins
  4 hobgoblins
  3 quokkas
  7 ball pythons
  3 frilled lizards
  7 kobolds
  5 rats
119 creatures vanquished.

Notes
Turn   | Place    | Note
-------+----------+-------------------------------------------
     0 | D:5      | Brandom the Human Delver began the quest for the Orb.
     0 | D:5      | Reached XP level 1. HP: 18/18 MP: 1/1
   205 | D:4      | Reached XP level 2. HP: 23/24 MP: 2/2
   319 | D:3      | Noticed Jessica
   921 | D:1      | Found a faded altar of an unknown god.
   930 | D:1      | Became a worshipper of Trog the Wrathful
   930 | D:1      | Reached * piety under Trog
   960 | D:1      | Reached XP level 3. HP: 29/29 MP: 3/3
  1509 | D:2      | You fall into a shaft and drop 2 floors!
  1562 | D:4      | Reached skill level 3 in Maces & Flails
  1659 | D:4      | Reached XP level 4. HP: 35/35 MP: 4/4
  1677 | D:4      | Reached XP level 5. HP: 30/41 MP: 5/5
  1901 | D:3      | Reached ** piety under Trog
  2237 | D:2      | Found a snail-covered altar of Cheibriados.
  2867 | D:3      | Killed Jessica
  2868 | D:3      | Reached skill level 4 in Maces & Flails
  3178 | D:3      | Found a hide-covered altar of Uskayaw.
  3179 | D:3      | Found a basalt altar of Yredelemnul.
  3495 | D:4      | Noticed a black bear
  3506 | D:4      | Killed a black bear
  3507 | D:4      | Reached XP level 6. HP: 48/48 MP: 6/6
  3691 | D:5      | Noticed a necrophage
  3700 | D:5      | Killed a necrophage
  3701 | D:5      | Reached skill level 5 in Maces & Flails
  3701 | D:5      | Reached XP level 7. HP: 31/55 MP: 7/7
  4161 | D:5      | Noticed Grinder
  4355 | D:5      | Killed Grinder
  4356 | D:5      | Reached skill level 5 in Fighting
  4356 | D:5      | Reached skill level 6 in Maces & Flails
  4356 | D:5      | Reached XP level 8. HP: 62/62 MP: 8/8
  4753 | D:5      | Found an ornate altar of the Wu Jian Council.
  4759 | D:5      | Found a hazy altar of Hepliaklqana.
  4786 | D:6      | Noticed Edmund
  4905 | D:5      | Killed Edmund
  4906 | D:5      | Reached skill level 7 in Maces & Flails
  4906 | D:5      | Reached skill level 5 in Dodging
  5273 | D:6      | Found a staircase to the Ecumenical Temple.
  5278 | D:6      | Found a shimmering blue altar of Sif Muna.
  5566 | D:6      | Reached XP level 9. HP: 35/69 MP: 9/9
  6147 | D:6      | Found a runed translucent gate.
  6147 | D:6      | Found a runed translucent gate.
  6147 | D:6      | Found a runed translucent gate.
  6148 | D:6      | Noticed Sassenached's ghost (novice GnWn)
  6173 | D:6      | Reached skill level 8 in Maces & Flails
  6273 | D:6      | Killed Sassenached's ghost
  6409 | D:6      | Found an iron altar of Okawaru.
  6527 | D:7      | You fall into a shaft and drop 1 floor!
  7005 | D:8      | Reached skill level 9 in Maces & Flails
  7034 | D:8      | Reached *** piety under Trog
  7035 | D:8      | Reached XP level 10. HP: 18/79 MP: 10/10
  7405 | D:7      | Reached skill level 10 in Maces & Flails
  7477 | D:7      | Noticed Maggie
  7677 | D:7      | HP: 5/120 [bullfrog[Maggie] (5)]
  7678 | D:7      | Killed Maggie
  9326 | D:8      | Found an iron altar of Okawaru.
  9354 | D:8      | HP: 5/120 [steam dragon] (2)]
  9356 | D:8      | Engulfed by a cloud of steam

Illustrated notes

Levels and vault maps discovered:
D:1:      doesnt_arrival_eight_statues, layout_loops_ring,
          ebering_ecumenical_altar_box, corner_web_ring,
          minmay_misc_feat_pillars, minmay_misc_feat_columns, chequers_big_river
D:2:      layout_basic, basic_altar, minmay_split_cup_small
D:3:      layout_basic, gammafunk_temple_overflow_statue, due_unseen_surprise,
          uniq_jessica
D:4:      layout_rooms, st_stairs_10, minmay_door_square
D:5:      layout_rooms, amethyst_overflow_temple_binary, uniq_grinder
D:6:      layout_rooms, kennysheep_little_box, nicolae_sif_muna_condensation,
          minmay_temple_entry_offerings, gammafunk_ghost_necromancy, uniq_edmund
D:7:      layout_basic, uniq_maggie
D:8:      layout_basic, kennysheep_diamond

Skill      XL: |  1  2  3  4  5  6  7  8  9 10 |
---------------+-------------------------------+-----
Maces & Flails | 3 4 5 6 7 9 10 | 10.6
Dodging        | 3 4 5 6 7 |  7.6
Fighting       | 4 5 7 8 |  8.0
Stealth        | |  5.0

Action                   |  1- 3 |  4- 6 |  7- 9 | 10-12 || total
-------------------------+-------+-------+-------+-------++-------
Melee: Mace              |    78 |    82 |    73 |       ||   233
       Dire flail        |       |       |    35 |       ||    35
       Whip              |       |       |    90 |   133 ||   223
Invok: Berserk           |     1 |     2 |     5 |     2 ||    10
       Trog's Hand       |       |       |     2 |     2 ||     4
Evoke: Wand              |       |     1 |     2 |     1 ||     4
  Use: Scroll            |       |     1 |       |       ||     1
       Potion            |       |       |       |     2 ||     2
 Stab: Sleeping          |     8 |     5 |     1 |       ||    14
       Distracted        |       |       |       |     1 ||     1
Armor: Leather armour    |    30 |    25 |    45 |       ||   100
       Acid dragon scale |       |       |     3 |    27 ||    30
Dodge: Dodged            |    40 |    49 |   107 |    89 ||   285
